 Dungeon Crawl Stone Soup version 0.25-a0-700-g7f8a7979f0 (webtiles) character file.

Game seed: 395968898497438230, levelgen mode: deterministic

404 Iscandelvey the Charmwright (level 6, -1/46 HPs)
             Began as a Demonspawn Skald on Apr 2, 2020.
             Slain by an orc warrior
             ... wielding a +0 trident
              (20 damage)
             ... on level 4 of the Dungeon.
             The game lasted 00:14:26 (4293 turns).

Iscandelvey the Charmwright (Demonspawn Skald)      Turns: 4293, Time: 00:14:26

Health: -1/46      AC: 11    Str: 11    XL:     6   Next: 56%
Magic:  6/10       EV: 11    Int: 16    God:
Gold:   173        SH:  0    Dex: 13    Spells: 5/10 levels left

rFire    . . .     SeeInvis .   o - +0 trident
rCold    . . .     Gourm    .   (no shield)
rNeg     . . .     Faith    .   h - +0 ring mail
rPois    .         Spirit   .   (no helmet)
rElec    .         Reflect  .   (no cloak)
rCorr    .         Harm     .   (no gloves)
MR       .....                  (no boots)
Stlth    +.........             (no amulet)
HPRegen  0.15/turn              (no ring)
MPRegen  0.12/turn              (no ring)

@: infused, sanguine armour, very slightly contaminated
A: claws 1, demonic guardian 1, powered by death 1, sanguine armour 1
a: no special abilities


You were on level 4 of the Dungeon.
You were very hungry.

You visited 1 branch of the dungeon, and saw 4 of its levels.

You collected 173 gold pieces.

Inventory:

Hand Weapons
 a - a +0 spear
 o - a +0 trident (weapon)
Armour
 b - a +0 leather armour
 h - a +0 ring mail (worn)
Jewellery
 f - an uncursed ring of fire {unknown}
Wands
 p - a wand of flame (9)
Scrolls
 c - 6 scrolls of identify {unknown}
 g - 2 scrolls of remove curse {unknown}
 j - a scroll of blinking {unknown}
 n - 3 scrolls of teleportation {unknown}
 q - 3 scrolls of random uselessness {unknown}
Potions
 i - a potion of berserk rage {unknown}
 m - 4 potions of lignification {unknown}
 r - a potion of flight {unknown}
Comestibles
 d - 7 rations


   Skills:
 + Level 2.9 Fighting
 * Level 3.5 Polearms
 + Level 1.7 Throwing
 + Level 2.1 Armour
 + Level 2.8 Dodging
 + Level 2.8 Spellcasting
 + Level 3.7 Charms


You had 5 spell levels left.
You knew the following spells:

 Your Spells              Type           Power        Failure   Level  Hunger
a - Infusion              Chrm           ##..         10%         1    #......
b - Shroud of Golubria    Chrm/Tloc      #.....       32%         2    ##.....
c - Song of Slaying       Chrm           ##......     14%         2    ##.....

Your spell library contained the following spells:

 Spells                   Type           Power        Failure   Level  Hunger
 Animate Skeleton         Necr           N/A          41%         1    #......
 Apportation              Tloc           #.....       41%         1    #......
 Corona                   Hex            #......      41%         1    #......
 Summon Small Mammal      Summ           #...         41%         1    #......
 Ozocubu's Armour         Chrm/Ice       #.......     54%         3    ###....
 Spectral Weapon          Hex/Chrm       #.......     54%         3    ###....


Dungeon Overview and Level Annotations

Branches:
Dungeon (4/15)
 Temple: D:4-7

Altars:
Fedhas
Hepliaklqana
Makhleb
Trog
Xom


Innate Abilities, Weirdness & Mutations

You have sharp fingernails.
A weak demonic guardian rushes to your aid.
You regenerate a little health from kills.
When seriously injured, your bleeding wounds create armour. (AC +6)


Message History

Aim: an orc warrior, wielding a +0 trident and wearing a +0 plate armour (moderately wounded)
You reach to attack!
You hit the orc warrior!
The orc warrior is severely wounded.
The orc warrior misses you.
Your iron imp hits the orc warrior.
Attack whom?
Press: ? - help, Dir - move target cursor, f/p - orc warrior
Aim: an orc warrior, wielding a +0 trident and wearing a +0 plate armour (almost dead)
You reach to attack!
You hit the orc warrior but do no damage.
The orc warrior is almost dead.
The orc warrior hits you from afar with a +0 trident!
Attack whom?
Press: ? - help, Dir - move target cursor, f/p - orc warrior
Aim: an orc warrior, wielding a +0 trident and wearing a +0 plate armour (almost dead)
You reach to attack!
You hit the orc warrior but do no damage.
The orc warrior is almost dead.
Your iron imp closely misses the orc warrior.
The orc warrior hits you from afar with a +0 trident!!
You die...

#####.....###...###..#
#(...........##..##
###).......###.....##
##..........##........
#...(.................
##....#...............
##5o##...#..##..>....
#...........##.......
#...@..#.............
###..#.................
#....##................
###..##........#.......
#......#..###.#...#...
##.....#...##.....##..
###...##...#.....###.
#....####.......# #.
##....# ##......###.


You could see an orc warrior and a friendly iron imp.

Vanquished Creatures
  A hound (D:4)
  Ijyb (D:3)
  Jessica (D:2)
  Terence (D:3)
  3 worker ants (D:4)
  2 gnolls (D:3)
  8 adders
  An ooze (D:1)
  5 worms
  2 dart slugs (D:1)
  2 leopard geckos (D:2)
  10 orcs
  2 ball pythons (D:3)
  5 giant cockroaches
  10 goblins
  6 hobgoblins
  3 jackals (D:2)
  A quokka (D:3)
  A ball python skeleton (D:4)
  6 bats
  7 frilled lizards
  5 kobolds (D:1)
  8 rats
91 creatures vanquished.

Vanquished Creatures (collateral kills)
  A scorpion (D:4)
  2 gnolls (D:3)
  2 orcs (D:4)
5 creatures vanquished.

Grand Total: 96 creatures vanquished

Notes
Turn   | Place    | Note
-------+----------+-------------------------------------------
     0 | D:1      | Iscandelvey the Demonspawn Skald began the quest for the
                  | Orb.
     0 | D:1      | Reached XP level 1. HP: 16/16 MP: 3/3
    65 | D:1      | Gained mutation: You regenerate a little health from kills.
                  | [demonic ancestry]
    65 | D:1      | Reached XP level 2. HP: 19/22 MP: 5/5
   107 | D:1      | Reached skill level 1 in Armour
   149 | D:1      | Learned a level 2 spell: Shroud of Golubria
   152 | D:1      | Learned a level 2 spell: Song of Slaying
   330 | D:1      | Gained mutation: When seriously injured, your bleeding
                  | wounds create armour. (AC +6) [demonic ancestry]
   330 | D:1      | Reached XP level 3. HP: 24/27 MP: 6/6
  1278 | D:2      | Gained mutation: A weak demonic guardian rushes to your
                  | aid. [demonic ancestry]
  1278 | D:2      | Reached XP level 4. HP: 26/33 MP: 0/7
  2031 | D:2      | Noticed Jessica
  2046 | D:2      | Killed Jessica
  2163 | D:3      | Reached skill level 1 in Throwing
  2213 | D:3      | Reached XP level 5. HP: 12/39 MP: 8/8
  2420 | D:3      | Noticed Terence
  2433 | D:3      | Killed Terence
  2534 | D:3      | Noticed Ijyb
  2554 | D:3      | Killed Ijyb
  2637 | D:3      | Found a blossoming altar of Fedhas.
  2774 | D:3      | Found a burning altar of Makhleb.
  2780 | D:3      | Found a bloodstained altar of Trog.
  2859 | D:3      | Found a shimmering altar of Xom.
  2860 | D:3      | Found a hazy altar of Hepliaklqana.
  2860 | D:3      | Noticed a hell beast
  2861 | D:3      | Noticed a hell beast
  2861 | D:3      | Noticed a spectral ugly thing
  3092 | D:4      | Gained mutation: You have sharp fingernails. [demonic
                  | ancestry]
  3092 | D:4      | Reached XP level 6. HP: 36/46 MP: 9/9
  3904 | D:4      | Noticed an orc warrior
  4293 | D:4      | Slain by an orc warrior

Levels and vault maps discovered:
D:1:      dpeg_arrival_pits, layout_loops_ring
D:2:      layout_basic, first_ration, minmay_tiny_reverse_x, uniq_jessica
D:3:      layout_basic, regret_index_temple_of_mockery, fedhas_altar_2,
          nicolae_overflow_hidden_temple, uniq_ijyb, uniq_terence
D:4:      layout_cave_pools

Skill      XL: |  1  2  3  4  5  6 |
---------------+-------------------+-----
Charms         | 3 |  3.7
Armour         | 1 2 |  2.1
Dodging        | 2 |  2.8
Polearms       | 2 3 |  3.5
Throwing       | 1 |  1.7
Fighting       | |  2.9
Spellcasting   | |  2.8

Action                   |  1- 3 |  4- 6 || total
-------------------------+-------+-------++-------
Melee: Spear             |   197 |   132 ||   329
       Trident           |       |   174 ||   174
Throw: Javelin           |       |     5 ||     5
       Dart              |       |     1 ||     1
 Cast: Shroud of Golubri |     2 |     4 ||     6
       Infusion          |     2 |     3 ||     5
       Song of Slaying   |     1 |       ||     1
  Eat: Chunk             |     1 |    10 ||    11
Armor: Leather armour    |     6 |       ||     6
       Ring mail         |    52 |    76 ||   128
Dodge: Dodged            |    95 |   169 ||   264

Table legend:
 A = Non-vault XP
 B = Vault XP
 C = Vault XP percentage of total XP
 D = Non-vault monster count
 E = Vault monster count
 F = Vault count percentage of total count
                 A         B        C        D         E       F
            +---------+---------+-------+---------+---------+-------
      Total |     490 |      88 |  15.2 |      91 |       5 |   5.2
            +---------+---------+-------+---------+---------+-------
        D:1 |      51 |       0 |   0.0 |      27 |       0 |   0.0
        D:2 |      92 |      27 |  22.7 |      22 |       3 |  12.0
        D:3 |     136 |      61 |  31.0 |      28 |       2 |   6.7
        D:4 |     211 |       0 |   0.0 |      14 |       0 |   0.0
            +---------+---------+-------+---------+---------+-------
